 Dungeon Crawl Stone Soup version 0.31-a0-692-gf03d1854d5 (webtiles) character file.

Game seed: 4422017824983214300

38 qw the Shooter (level 3, -3/21 HPs)
             Began as a Gargoyle Hunter on Sept 6, 2023.
             Slain by a cerulean imp
             ... wielding a +1 spear
             ... summoned by Natasha
              (4 damage)
             ... on level 2 of the Dungeon.
             The game lasted 00:00:25 (1042 turns).

qw the Shooter (Gargoyle Hunter)                    Turns: 1042, Time: 00:00:26

Health: -3/21      AC:  8    Str: 14    XL:     3   Next: 43%
Magic:  3/3        EV: 10    Int:  9    God:
Gold:   23         SH:  0    Dex: 15    Spells: 2/2 levels left

rFire   . . .        Y - +0 shortbow
rCold   . . .        (shield currently unavailable)
rNeg    + . .        d - +0 ring mail
rPois   inf          (no helmet)
rElec   +            (no cloak)
rCorr   .            (no gloves)
SInv    .            (no boots)
Will    .....        (no amulet)
Stlth   +            (no ring)
HPRegen 0.23/turn    (no ring)
MPRegen 0.08/turn

%: no passive effects
@: about to teleport
A: sickness immunity, AC +3, negative energy resistance 1, electricity
resistance, torment resistance 1, petrification resistance
a: no special abilities


You were on level 2 of the Dungeon.
You visited 1 branch of the dungeon, and saw 2 of its levels.

You collected 47 gold pieces.
You spent 24 gold pieces at shops.


Innate Abilities, Weirdness & Mutations

You are immune to sickness and miasma.
Your stone body is resilient. (AC +3)
You are immune to poison.
You resist negative energy. (rN+)
You are resistant to electric shocks. (rElec)
You are resistant to unholy torment.
You are immune to petrification.


   Skills:
 - Level 2.1 Fighting
 + Level 4.9 Ranged Weapons
 - Level 1.1 Armour
 - Level 1.5 Dodging
 - Level 1.1 Stealth


You had 2 spell levels left.
You didn't know any spells.
Your spell library was empty.

Inventory:

Hand Weapons
 Y - a +0 shortbow (weapon)
Armour
 d - a +0 ring mail (worn)
Scrolls
 a - a scroll of vulnerability {unknown}
 c - a scroll of teleportation
 e - a scroll of identify
Potions
 b - 2 potions of mutation {unknown}
 f - a potion of ambrosia {unknown}

Dungeon Overview and Level Annotations

Branches:
Dungeon (2/15)

Altars:

Shops:
D:2 ?

Annotations:
D:2 1 runed translucent door, Crazy Yiuf, Natasha


Message History

Natasha claws you. The cerulean imp barely misses you.
You shoot an arrow. The arrow hits Natasha!
Natasha is heavily wounded.
Natasha claws you.
The cerulean imp hits you but does no damage.
You shoot an arrow. The arrow hits Natasha.
Natasha is almost dead.
Natasha mumbles some strange words.
The cerulean imp closely misses you.
Natasha casts a spell.
Enter note:
Enter note:
Enter note:
1040 |||
Found retreat position at 2,-5 (floor) with 0 blocking monsters and 2 monsters attacking at destination at distance 5
Enter note:
Enter note:
Enter note:
1040 ||| Stepping ~*~*~tactically~*~*~ (retreating).
The cerulean imp shouts!
The cerulean imp hits you from afar with a +1 spear. x2
Natasha barely misses you.
Enter note:
Enter note:
Enter note:
1041 |||
Found retreat position at 2,-4 (floor) with 0 blocking monsters and 2 monsters attacking at destination at distance 4
1041 ||| READING 2 scrolls of teleportation.
As you read the scroll of teleportation, it crumbles to dust.
You feel strangely unstable. The cerulean imp barely misses you.
The cerulean imp hits you but does no damage.
Natasha claws you.
The cerulean imp hits you but does no damage.
1042 |||
Found retreat position at 2,-4 (floor) with 0 blocking monsters and 2 monsters attacking at destination at distance 4
1042 ||| Stepping ~*~*~tactically~*~*~ (retreating).
The cerulean imp hits you but does no damage. x2
Natasha howls an incantation.
Natasha's front paws start to glow.
Natasha closely misses you.
The cerulean imp hits you with a +1 spear.
You die...

##..#.#.#####.#.#
..............#.#
##.##.#.#.#####.#
. ..#.#.# #.# ##.
#.#.#.# #.# 77 #..
#.#.#.# #.# .777
### ##..#.#.#.#
#)# 7..7#...#
#...#5#.#.# #..
777.+...#
#.....@...#######.
77#..)#
#.###.h5.....>..<.
###
#..#5..........
#..#..########.
....#.....5.h.
#......#.#######
#####....# #.####
#.#


You could see Natasha and 3 cerulean imps.

Vanquished Creatures
  An adder (D:2)
  A dart slug (D:1)
  4 endoplasms
  3 giant cockroaches (D:1)
  2 goblins (D:2)
  2 hobgoblins (D:1)
  2 jackals (D:1)
  A kobold (D:1)
  2 quokkas
  2 bats (D:1)
  3 rats
23 creatures vanquished.

Notes
Turn   | Place    | Note
-------+----------+-------------------------------------------
     0 | D:1      | qw the Gargoyle Hunter began the quest for the Orb.
     0 | D:1      | Reached XP level 1. HP: 12/12 MP: 1/1
     0 | D:1      | 0 ||| qw: Version: 0.3-a-76-g4403597
     0 | D:1      | 0 ||| qw: Game counter: 168
     0 | D:1      | 0 ||| qw: Melee chars always use a shield: true
     0 | D:1      | 0 ||| qw: God list: Okawaru
     0 | D:1      | 0 ||| qw: Allow faded altars: false
     0 | D:1      | 0 ||| qw: Do Orc after clearing Dungeon:15 true
     0 | D:1      | 0 ||| qw: Do second Lair branch before Depths: true
     0 | D:1      | 0 ||| qw: Lair rune preference: random
     0 | D:1      | 0 ||| qw: Goals: Normal
     0 | D:1      | 0 ||| PLANNING D:1-11
   213 | D:1      | Reached XP level 2. HP: 17/17 MP: 2/2
   712 | D:1      | 712 ||| UPGRADING to +0 ring mail.
   722 | D:1      | 722 ||| DROPPING +0 leather armour.
   723 | D:1      | 723 ||| READING scroll labelled HUNAFE OLAVULE.
   727 | D:1      | 727 ||| DROPPING scroll of butterflies.
   753 | D:2      | Reached skill level 1 in Armour
   753 | D:2      | Reached XP level 3. HP: 14/21 MP: 3/3
   753 | D:2      | 753 ||| STAIRDANCE
   791 | D:2      | Found a runed translucent door.
   792 | D:2      | Noticed Crazy Yiuf
   904 | D:2      | Found Josmyith's Magic Scroll Shop.
   914 | D:2      | 914 ||| SHOPLISTING scroll of enchant armour (90 gold, have
                  | 47).
   914 | D:2      | 914 ||| BUYING scroll of identify (24 gold).
   914 | D:2      | Bought a scroll of identify for 24 gold pieces
   914 | D:2      | 914 ||| SHOPLISTING scroll of identify (24 gold, have 23).
   914 | D:2      | 914 ||| SHOPLISTING scroll of teleportation (36 gold, have
                  | 23).
  1020 | D:2      | Noticed Natasha
  1021 | D:2      | 1021 ||| Stepping ~*~*~tactically~*~*~ (outnumbered).
  1023 | D:2      | 1023 ||| Stepping ~*~*~tactically~*~*~ (outnumbered).
  1026 | D:2      | 1026 ||| Stepping ~*~*~tactically~*~*~ (outnumbered).
  1040 | D:2      | 1040 ||| Stepping ~*~*~tactically~*~*~ (retreating).
  1040 | D:2      | HP: 2/21 [cerulean imp/+1 spear[Natasha] (5)]
  1041 | D:2      | 1041 ||| READING 2 scrolls of teleportation.
  1042 | D:2      | 1042 ||| Stepping ~*~*~tactically~*~*~ (retreating).
  1042 | D:2      | Slain by a cerulean imp

Levels and vault maps discovered:
D:1:      kennysheep_arrival_seaside, layout_loops_ring, minivault_24
D:2:      layout_basic, serial_shops, shop, minmay_strange_pillars,
          uniq_natasha, uniq_crazy_yiuf_cottage

Skill      XL: |  1  2 |
---------------+-------+-----
Armour         | 1 |  1.1
Fighting       | |  2.1
Ranged Weapons | |  4.9
Dodging        | |  1.5
Stealth        | |  1.1

Action                     || total
---------------------------++-------
   Fire: Shortbow          ||   104
    Use: Scroll            ||     2
 Armour: Leather armour    ||    13
         Ring mail         ||    32
  Dodge: Dodged            ||    37

Table legend:
 A = Non-vault XP
 B = Vault XP
 C = Vault XP percentage of total XP
 D = Non-vault monster count
 E = Vault monster count
 F = Vault count percentage of total count
                 A         B        C        D         E       F
            +---------+---------+-------+---------+---------+-------
      Total |      55 |       0 |   0.0 |      23 |       0 |   0.0
            +---------+---------+-------+---------+---------+-------
        D:1 |      30 |       0 |   0.0 |      15 |       0 |   0.0
        D:2 |      25 |       0 |   0.0 |       8 |       0 |   0.0
            +---------+---------+-------+---------+---------+-------
